 Dungeon Crawl Stone Soup version 0.18-a0-5-gf1fb587 (webtiles) character file.

268607 HaroldButt the Severer (level 19, -2/158 HPs)
             Began as a Deep Dwarf Gladiator on Oct 30, 2015.
             Was the Champion of Makhleb.
             Slain by a Hell Sentinel (9 damage)
             ... summoned by a deep elf demonologist
             ... on level 3 of the Elven Halls on Oct 31, 2015.
             The game lasted 03:47:28 (37512 turns).

HaroldButt the Severer (Deep Dwarf Gladiator)      Turns: 37512, Time: 03:47:29

Health: -2/158     AC: 31    Str: 21    XL:     19   Next: 38%
Magic:  25/25      EV: 23    Int: 11    God:    Makhleb [******]
Gold:   2315       SH:  0    Dex: 25    Spells: 0 memorised, 18 levels left

rFire  + + .     SeeInvis .     g - +2 executioner's axe (freeze)
rCold  . . .     Clarity  .     N - +2 chain mail of Zulie {rPois rF+}
rNeg   + . .     SustAt   .     (no shield)
rPois  +         Gourm    +     k - +2 helmet
rElec  .         Spirit   .     a - +2 cloak {MR+}
rCorr  .         Warding  .     z - +2 pair of fencer's gloves {LBl+4 SBl+4 EV+3 Dex+6}
rMut   .         Stasis   .     G - +2 pair of boots
MR     +++++                    T - amulet of the gourmand
Stlth  ..........               S - ring of protection from magic
                                q - ring of protection from magic

@: non-regenerating, drained, almost entirely resistant to hostile enchantments,
extremely unstealthy
A: damage resistance, recharge devices, clever 1, fire resistance 1, negative
energy resistance 1, sense surroundings 3, slow regeneration 3
a: Device Recharging, Minor Destruction, Lesser Servant of Makhleb, Major
Destruction, Greater Servant of Makhleb, Renounce Religion
}: 2/15 runes: decaying, gossamer


You were on level 3 of the Elven Halls.
You worshipped Makhleb.
Makhleb was exalted by your worship.
You were full.

You visited 6 branches of the dungeon, and saw 38 of its levels.
You also visited: Ice Cave.

You collected 4462 gold pieces.
You spent 2147 gold pieces at shops.

Inventory:

Hand Weapons
 g - a +2 executioner's axe of freezing (weapon)
Armour
 a - a +2 cloak of magic resistance (worn)
 j - a +3 plate armour of cold resistance
 k - a +2 helmet (worn)
 z - the +2 pair of fencer's gloves (worn) {LBl+4 SBl+4 EV+3 Dex+6}
   (You bought it in a shop on level 4 of the Orcish Mines)

   It affects your evasion (+3).
   It affects your dexterity (+6).
 G - a +2 pair of boots (worn)
 N - the +2 chain mail of Zulie (worn) {rPois rF+}
   (You found it on level 3 of the Swamp)

   It protects you from fire.
   It protects you from poison.
Jewellery
 m - an uncursed ring of sustain attributes
 q - a ring of protection from magic (left hand)
 s - an uncursed ring of flight
 S - a ring of protection from magic (right hand)
 T - an amulet of the gourmand (around neck)
Wands
 e - a wand of heal wounds (0)
 i - a wand of hasting (1)
 r - a wand of disintegration (4)
 t - a wand of teleportation (4)
 w - a wand of fire (2)
 y - a wand of digging (9)
 I - a wand of cold (8)
 O - a wand of digging (8)
 R - a wand of fireball (0)
 Z - a wand of paralysis (0)
Scrolls
 b - a scroll of holy word
 c - 3 scrolls of enchant armour
 h - 2 scrolls of magic mapping
 n - 8 scrolls of fear
 u - a scroll of summoning
 v - 6 scrolls of fog
 x - 2 scrolls of identify
 B - 3 scrolls of blinking
 E - 10 scrolls of teleportation
 F - a scroll of silence
 H - 4 scrolls of immolation
 L - 4 scrolls of remove curse
 P - 8 scrolls of amnesia
Potions
 l - 3 potions of heal wounds
 p - 12 potions of curing
 A - 2 potions of cancellation
 C - 2 potions of resistance
 D - 7 potions of agility
 J - 3 potions of brilliance
 K - 3 potions of invisibility
 M - 2 potions of berserk rage
 Q - 2 potions of haste
 U - 3 potions of cure mutation
Miscellaneous
 Y - a sack of spiders {used: 2}
Comestibles
 d - 7 fruits
 f - 17 bread rations
 o - 7 meat rations
 W - a royal jelly


   Skills:
 - Level 7.0(6.9) Fighting
 + Level 20.1(20.0) Axes
 - Level 1.7(1.6) Throwing
 + Level 16.6(16.5) Armour
 + Level 13.5(13.4) Dodging
 + Level 18.8(18.6) Invocations
 + Level 18.9(18.7) Evocations


You had 18 spell levels left.
You didn't know any spells.

Dungeon Overview and Level Annotations

Branches:
Dungeon (15/15)            Temple (0/1) D:7            Lair (8/8) D:9
  Swamp (4/4) Lair:5       Spider (4/4) Lair:3        Slime (0/6) Lair:6
    Orc (4/4) D:9             Elf (3/3) Orc:3        Vaults (0/5) D:13
 Depths (0/5) D:15

Altars:
Ashenzari
Cheibriados
Dithmenos
Elyvilon
Fedhas
Kikubaaqudgha
Makhleb
Nemelex Xobeh
Qazlal
Ru
Trog
Vehumet
Xom
Yredelemnul
Beogh
Jiyva

Shops:
D:5 }   D:7 ?   D:10 %%   D:13 *(:   Orc:2 =   Orc:4 ?:**[*[   Elf:1 :

Annotations:
D:8 HaroldButt's ghost, novice DDFi
Lair:6 1 runed door


Innate Abilities, Weirdness & Mutations

You are resistant to damage.
You can recharge devices by infusing magical energy.
You resist negative energy.
You passively map a large area around you.
You do not regenerate naturally.
Your mind is acute. (Int +2)
Your flesh is heat resistant.


Message History

The Hell Sentinel gestures at you.
The hellfire explodes!
The blast of hellfire engulfs you!
* * * LOW HITPOINT WARNING * * *
The blast of hellfire engulfs the Hell Sentinel.
The Hell Sentinel completely resists.
You hear a shout!
Evoke which item? (* to show all) (? for menu, Esc to quit)
This wand has no charges.
Evoke which item? (* to show all) (? for menu, Esc to quit)
Okay, then.
Drink which item? (? for menu, Esc to quit)
You feel much better.
The Hell Sentinel completely misses you.
The Hell Sentinel closely misses you.
You slice the Hell Sentinel!!
The Hell Sentinel is moderately wounded.
The Hell Sentinel hits you!!
* * * LOW HITPOINT WARNING * * *
The Hell Sentinel hits you!
You die...

###########################
#..........................
#............).............
########'####'####'########
#..........#.....#e........
#..........'....)ee4.......
#..........#...4.#..)).....
############..1.######4####
#@#..#####..))...# ##1###
#......... #.##
#..........e ###
#........... ,
#............ ,
.......###... , ......#
##.. *, , .....# ##. ,*, ..
#.


You could see a Hell Sentinel.

Vanquished Creatures
  Nikola (Elf:1)
  Jorgrun (Spider:2)
  Gastronok (Lair:3)
  Kirke (Lair:5)
  3 thorn hunters
  Wiglaf (Spider:4)
  Donald (Orc:2)
  4 deep elf sorcerers (Elf:3)
  4 ghost moths (Spider:4)
  A frost giant (IceCv)
  Aizul (Elf:1)
  Louise (Spider:4)
  5 emperor scorpions
  An orc warlord (Orc:2)
  2 deep elf demonologists (Elf:3)
  2 deep elf annihilators
  2 deep elf death magi (Elf:3)
  Snorg (Lair:6)
  8 vault guards (D:13)
  5 fire dragons
  5 ogre magi
  3 deep elf high priests
  2 entropy weavers
  22 hydras
  5 ghost crabs
  5 centaur warriors
  2 tengu warriors
  18 dancing weapons (Elf:2)
  4 alligators
  A spriggan berserker (Swamp:3)
  11 death yaks
  3 orc high priests
  15 deep elf knights
  Nergalle (Lair:3)
  A fire crab (Swamp:4)
  8 unseen horrors
  A death drake (Swamp:2)
  A small abomination (Elf:3)
  2 spriggan druids (Swamp:3)
  9 deep elf summoners
  3 spectral hydras (Swamp:2)
  11 swamp dragons
  2 orc knights (Orc:2)
  2 shambling mangroves
  2 lindwurms (Swamp:4)
  A phantasmal warrior (Swamp:2)
  A swamp dragon (shapeshifter) (Elf:3)
  A necromancer (Swamp:2)
  A manticore (D:13)
  13 deep elf conjurers
  16 orb spiders
  4 hill giants
  6 hornets
  An orc sorcerer (Orc:2)
  2 wizards (D:15)
  4 ugly things
  3 griffons
  26 wolf spiders
  12 elephants
  A gargoyle (D:15)
  2 centaur zombies
  3 black mambas
  An ice statue (IceCv)
  27 spiny frogs
  A torpor snail (Spider:3)
  A kobold demonologist (D:15)
  5 swamp worm zombies (Swamp:2)
  12 komodo dragons
  A redback zombie (D:15)
  9 demonic crawlers
  10 deep elf priests
  2 tengu conjurers
  4 trolls
  7 fire drakes
  16 two-headed ogres (Orc:4)
  15 polar bears (IceCv)
  22 jumping spiders
  4 giant leeches
  A trapdoor spider zombie (D:9)
  A boulder beetle (Spider:3)
  22 slime creatures
  3 spectral swamp dragons (Swamp:2)
  10 bog bodies (Swamp:2)
  5 shadows
  3 alligator zombies (Swamp:2)
  16 trapdoor spiders
  26 blink frogs
  2 wyverns (D:14)
  17 deep elf magi
  53 redbacks
  Sigmund (D:5)
  14 tarantellas
  2 wraiths
  A hungry ghost (D:14)
  2 giant leech zombies (Swamp:2)
  7 hogs (Lair:5)
  56 yaks
  A human (shapeshifter) (D:14)
  4 basilisks
  Grum (D:10)
  3 steam dragons
  4 hippogriffs
  18 spriggans
  32 wolves
  25 vampire mosquitoes
  28 swamp worms
  2 wargs
  A spiny frog zombie (Swamp:2)
  22 deep elf fighters
  7 insubstantial wisps
  27 orc warriors
  11 water moccasins
  7 porcupines
  16 swamp drakes
  3 sky beasts
  34 spiders
  23 wasps
  3 black bears
  3 phantoms
  An ice beast (D:7)
  7 centaurs
  An eye of draining (D:15)
  40 ogres
  4 boggarts (D:14)
  20 crocodiles
  33 giant frogs
  A gnoll sergeant (D:9)
  A wyvern skeleton (D:13)
  7 troll zombies (Swamp:2)
  A spriggan zombie (Swamp:2)
  2 scorpions
  7 killer bees
  The ghost of emiel the Chopper, a weakling FoGl (D:15)
  13 electric eels
  3 giant frog zombies
  5 hounds
  9 crimson imps
  3 wights (D:9)
  A lava snake (Swamp:4)
  18 orc priests
  27 orc wizards
  Ijyb (D:2)
  5 jellies
  10 centaur skeletons
  9 iguanas
  Terence (D:3)
  7 hell rats (Lair:4)
  5 worker ants
  A killer bee zombie (D:10)
  16 sheep
  A hound skeleton (D:6)
  A worker ant zombie (D:8)
  A killer bee simulacrum (D:8)
  14 adders
  86 river rats
  9 gnolls
  A shadow imp (D:7)
  2 ufetubi (D:8)
  14 white imps
  2 oozes
  3 worms
  An adder simulacrum (D:8)
  2 adder skeletons (D:4)
  181 orcs
  A ball python (D:1)
  3 giant cockroaches
  6 goblins
  6 hobgoblins
  2 jackals (D:5)
  9 kobolds
  6 quokkas
  7 bats
  10 giant geckos
  A giant gecko skeleton (D:3)
  3 giant newts
  A jackal zombie (D:6)
  9 rats
  3 briar patches (Swamp:3)
  16 fungi
  7 plants
1604 creatures vanquished.

Vanquished Creatures (collateral kills)
  A hydra (Swamp:1)
  An entropy weaver (Spider:2)
  2 deep elf conjurers (Elf:1)
  A deep elf priest (Elf:1)
  A jumping spider (Spider:2)
  4 deep elf fighters (Elf:1)
  A river rat (Lair:8)
11 creatures vanquished.

Vanquished Creatures (others)
  A ghost crab (Swamp:1)
  An alligator (Swamp:2)
  A spriggan druid (Swamp:2)
  2 wolf spiders
  A spiny frog (Swamp:1)
  3 spriggans
  A deep elf fighter (Elf:1)
  A wolf (IceCv)
  2 swamp worms
  An insubstantial wisp (Swamp:2)
  A swamp drake (Swamp:4)
  An orc warrior (Elf:3)
  A wasp (Swamp:2)
  An orc (Elf:3)
  A bat (D:1)
  9 fungi
  A plant (Lair:8)
29 creatures vanquished.

Grand Total: 1644 creatures vanquished

Notes
Turn   | Place    | Note
--------------------------------------------------------------
     0 | D:1      | HaroldButt the Deep Dwarf Gladiator began the quest for the Orb.
     0 | D:1      | Reached XP level 1. HP: 19/19 MP: 1/1
   190 | D:1      | Reached XP level 2. HP: 26/26 MP: 2/2
   374 | D:1      | Reached skill level 4 in Axes
   628 | D:1      | Reached XP level 3. HP: 18/32 MP: 3/3
   964 | D:2      | Found a burning altar of Makhleb.
   988 | D:2      | Became a worshipper of Makhleb the Destroyer
  1371 | D:2      | Reached skill level 5 in Axes
  1532 | D:2      | Reached XP level 4. HP: 9/39 MP: 4/4
  1649 | D:2      | Noticed Ijyb
  1662 | D:2      | Killed Ijyb
  1662 | D:2      | Reached skill level 6 in Axes
  1905 | D:3      | Reached * piety under Makhleb
  1992 | D:3      | Reached XP level 5. HP: 21/45 MP: 5/5
  2122 | D:3      | Found a basalt altar of Yredelemnul.
  2142 | D:3      | Noticed an ogre
  2164 | D:3      | Killed an ogre
  2164 | D:3      | Reached skill level 7 in Axes
  2184 | D:3      | Noticed Terence
  2192 | D:3      | Killed Terence
  2259 | D:3      | Found a white marble altar of Elyvilon.
  2260 | D:3      | Found a shattered altar of Ashenzari.
  2261 | D:3      | Found a sacrificial altar of Ru.
  2471 | D:3      | Reached XP level 6. HP: 45/52 MP: 5/5
  2690 | D:3      | Found a shimmering altar of Xom.
  3081 | D:4      | Found a bloodstained altar of Trog.
  3192 | D:4      | Reached ** piety under Makhleb
  3199 | D:4      | Reached skill level 8 in Axes
  3790 | D:5      | Entered Level 5 of the Dungeon
  3791 | D:5      | Noticed Sigmund
  3808 | D:5      | Killed Sigmund
  3808 | D:5      | Reached skill level 9 in Axes
  3808 | D:5      | Reached XP level 7. HP: 43/58 MP: 6/6
  4078 | D:5      | Reached skill level 10 in Axes
  4135 | D:5      | Reached skill level 1 in Armour
  4178 | D:5      | Reached XP level 8. HP: 62/68 MP: 7/7
  4229 | D:5      | Found Noerphusch's Gadget Shop.
  4366 | D:5      | Reached *** piety under Makhleb
  4511 | D:6      | Found a snail-covered altar of Cheibriados.
  4583 | D:6      | Found a shadowy altar of Dithmenos.
  4628 | D:6      | Found a stormy altar of Qazlal.
  4640 | D:6      | Found a blossoming altar of Fedhas.
  4722 | D:6      | Found a shimmering altar of Xom.
  5071 | D:7      | Gained mutation: Your flesh is heat resistant. [potion of beneficial mutation]
  5166 | D:7      | Found a sparkling altar of Nemelex Xobeh.
  5167 | D:7      | Found Musi's Magic Scroll Emporium.
  5181 | D:7      | Bought a scroll of vulnerability for 105 gold pieces
  5181 | D:7      | Bought a scroll of immolation for 49 gold pieces
  5181 | D:7      | Bought a scroll of fear for 49 gold pieces
  5181 | D:7      | Bought a scroll of fear for 49 gold pieces
  5246 | D:7      | Reached skill level 5 in Armour
  5310 | D:7      | Found a staircase to the Ecumenical Temple.
  5361 | D:7      | Reached skill level 5 in Fighting
  5674 | D:8      | Gained mutation: You passively map the area around you. [Deep Dwarf growth]
  5674 | D:8      | Reached XP level 9. HP: 68/81 MP: 8/8
  5780 | D:8      | Killed an unseen horror
  5857 | D:8      | Reached **** piety under Makhleb
  5893 | D:8      | Noticed HaroldButt's ghost (novice DDFi)
  5933 | D:8      | HP: 1/85 [HaroldButt's ghost (6)]
  6068 | D:8      | Found a radiant altar of Vehumet.
  6428 | D:8      | Found an ancient bone altar of Kikubaaqudgha.
  6736 | D:9      | Reached skill level 1 in Invocations
  6736 | D:9      | Reached skill level 1 in Evocations
  6767 | D:9      | Found a roughly hewn altar of Beogh.
  6804 | D:9      | Reached XP level 10. HP: 32/94 MP: 9/9
  7098 | D:9      | Found a staircase to the Lair.
  7113 | D:9      | Noticed a komodo dragon
  7125 | D:9      | Killed a komodo dragon
  7249 | D:9      | Found a staircase to the Orcish Mines.
  7427 | Lair:1   | Entered Level 1 of the Lair of Beasts
  7450 | Lair:1   | Reached skill level 5 in Evocations
  7469 | Lair:1   | Reached ***** piety under Makhleb
  7469 | Lair:1   | Reached skill level 5 in Invocations
  7482 | Lair:1   | Reached skill level 11 in Axes
  7728 | Lair:1   | Reached XP level 11. HP: 53/100 MP: 14/14
  7787 | Lair:1   | Noticed a six-headed hydra
  7790 | Lair:1   | Killed a six-headed hydra
  8203 | Lair:1   | Reached skill level 12 in Axes
  8269 | Lair:1   | Noticed a black mamba
  8289 | Lair:1   | Killed a black mamba
  9534 | Lair:3   | Upgraded the game from 0.17-a0-2231-gd80ca38 to 0.18-a0-1-gfac8111
  9546 | Lair:3   | Got a fine chain mail
  9572 | Lair:3   | Identified the +6 chain mail of Dawn {Regen+} (You found it on level 3 of the Lair of Beasts)
  9633 | Lair:3   | Noticed Gastronok
  9641 | Lair:3   | Reached skill level 10 in Evocations
  9666 | Lair:3   | Killed Gastronok
  9666 | Lair:3   | Reached skill level 10 in Invocations
  9755 | Lair:3   | Reached XP level 12. HP: 61/109 MP: 15/15
  9779 | Lair:3   | Reached ****** piety under Makhleb
  9787 | Lair:3   | Reached skill level 13 in Axes
  9810 | Lair:3   | Found a hole to the Spider Nest.
 10045 | Lair:3   | Noticed Nergalle
 10055 | Lair:3   | Killed Nergalle
 10532 | Lair:4   | Noticed a seven-headed hydra
 10547 | Lair:4   | Killed a seven-headed hydra
 11012 | Lair:4   | Found a frozen archway.
 11021 | IceCv    | Entered an ice cave
 11055 | IceCv    | Reached skill level 5 in Dodging
 11175 | IceCv    | Reached skill level 10 in Armour
 11197 | IceCv    | Reached skill level 14 in Axes
 11522 | IceCv    | Reached XP level 13. HP: 115/115 MP: 17/17
 11624 | IceCv    | Noticed a frost giant
 11659 | IceCv    | Killed a frost giant
 12308 | Lair:5   | Noticed Kirke
 12324 | Lair:5   | Killed Kirke
 12661 | Lair:5   | Found a staircase to the Swamp.
 12790 | Lair:6   | Noticed Snorg
 12805 | Lair:6   | Killed Snorg
 12805 | Lair:6   | Reached skill level 15 in Axes
 13331 | Lair:6   | Found a runed door.
 13332 | Lair:6   | Found a viscous altar of Jiyva.
 13334 | Lair:6   | Found a staircase to the Slime Pits.
 13839 | Lair:7   | Gained mutation: You resist negative energy. [Deep Dwarf growth]
 13839 | Lair:7   | Reached XP level 14. HP: 123/123 MP: 18/18
 14883 | Orc:1    | Entered Level 1 of the Orcish Mines
 14948 | Orc:1    | Found Raimoez's Food Boutique.
 15147 | Orc:2    | Noticed an orc warlord
 15159 | Orc:2    | Killed an orc warlord
 15263 | Orc:2    | Reached skill level 10 in Dodging
 15457 | Orc:2    | Found a roughly hewn altar of Beogh.
 15564 | Orc:2    | Found Qutzi's Jewellery Shoppe.
 16155 | Orc:1    | Found a roughly hewn altar of Beogh.
 16416 | Orc:3    | Noticed Donald
 16446 | Orc:2    | Killed Donald
 16522 | Orc:3    | Found a staircase to the Elven Halls.
 17092 | Orc:4    | Entered Level 4 of the Orcish Mines
 17102 | Orc:4    | Found Iriatzag's Magic Scroll Emporium.
 17235 | Orc:4    | Found Wehofeb's Assorted Antiques.
 17241 | Orc:4    | Bought a scroll of identify for 30 gold pieces
 17300 | Orc:4    | Bought a potion of heal wounds for 130 gold pieces
 17300 | Orc:4    | Bought a potion of curing for 78 gold pieces
 17300 | Orc:4    | Bought a scroll of teleportation for 78 gold pieces
 17312 | Orc:4    | Found Lehuarix's Armour Emporium.
 17391 | Orc:4    | Reached skill level 16 in Axes
 17471 | Orc:4    | Found Ugyro's General Store.
 17471 | Orc:4    | Found Zenod's Assorted Antiques.
 17474 | Orc:4    | Found Foparrug's Antique Armour Shoppe.
 17474 | Orc:4    | Found Ducuifre's Book Shop.
 17514 | Orc:4    | Bought the +2 pair of fencer's gloves {LBl+4 SBl+4 EV+3 Dex+6} for 747 gold pieces
 17917 | D:10     | Entered Level 10 of the Dungeon
 17987 | D:10     | Noticed Grum
 17996 | D:10     | Killed Grum
 18046 | D:10     | Found Osey's Food Emporium.
 18079 | D:10     | Found Suxkuzxius's Food Emporium.
 18096 | D:10     | Identified Iskenderun's Compendium of Combat Magic
 20077 | D:12     | Reached XP level 15. HP: 129/129 MP: 20/20
 20320 | D:13     | Found Wituich's Weapon Boutique.
 20640 | D:13     | Found Igusk's General Store.
 20642 | D:13     | Found Omuasic's Book Shoppe.
 20656 | D:13     | Bought a scroll of acquirement for 832 gold pieces
 20701 | D:13     | Found a gate to the Vaults.
 21807 | D:15     | Entered Level 15 of the Dungeon
 21858 | D:15     | Reached skill level 17 in Axes
 22075 | D:15     | Found a staircase to the Depths.
 22125 | D:15     | Noticed emiel's ghost (weakling FoGl)
 22167 | D:15     | Killed emiel's ghost
 23329 | Lair:8   | Entered Level 8 of the Lair of Beasts
 23603 | Lair:8   | Reached XP level 16. HP: 138/138 MP: 23/23
 24029 | Lair:8   | Reached skill level 15 in Evocations
 24084 | Lair:8   | Reached skill level 15 in Invocations
 24748 | Spider:1 | Entered Level 1 of the Spider Nest
 25079 | Swamp:1  | Entered Level 1 of the Swamp
 25645 | Swamp:1  | Gained mutation: Your mind is acute. (Int +2) [potion of beneficial mutation]
 26401 | Swamp:2  | Reached skill level 18 in Axes
 26745 | Swamp:2  | Identified the Disquisition on Ghastly Curses
 27510 | Swamp:3  | Reached XP level 17. HP: 127/144 MP: 25/25
 27633 | Swamp:3  | Found a shadowy altar of Dithmenos.
 28150 | Swamp:3  | Got a translucent chain mail
 28173 | Swamp:3  | Identified the +2 chain mail of Zulie {rPois rF+} (You found it on level 3 of the Swamp)
 28430 | Swamp:4  | Entered Level 4 of the Swamp
 28709 | Swamp:4  | Got a decaying rune of Zot
 28878 | Swamp:4  | Identified An Early Guide to Spellweaving (You found it on level 4 of the Swamp)
 30158 | Spider:1 | Reached skill level 15 in Armour
 30661 | Spider:2 | Noticed Jorgrun
 30685 | Spider:2 | Killed Jorgrun
 31199 | Spider:3 | Upgraded the game from 0.18-a0-1-gfac8111 to 0.18-a0-5-gf1fb587
 31511 | Spider:3 | Reached skill level 19 in Axes
 32027 | Spider:3 | Gained mutation: You passively map a large area around you. [Deep Dwarf growth]
 32027 | Spider:3 | Reached XP level 18. HP: 152/152 MP: 26/26
 32160 | Spider:4 | Entered Level 4 of the Spider Nest
 32420 | Spider:4 | Noticed Louise
 32490 | Spider:4 | Killed Louise
 32694 | Spider:4 | Reached skill level 20 in Axes
 33197 | Spider:4 | Noticed Wiglaf
 33440 | Spider:4 | Killed Wiglaf
 33585 | Spider:4 | Got a gossamer rune of Zot
 34051 | Elf:1    | Entered Level 1 of the Elven Halls
 34051 | Elf:1    | Noticed Aizul
 34105 | Elf:1    | Killed Aizul
 34148 | Elf:1    | Noticed Nikola
 34188 | Elf:1    | Killed Nikola
 34391 | Elf:1    | Identified the Almanac of Combat Magic and the Frostbite
 34923 | Elf:1    | Found Jovvots's Book Emporium.
 35412 | Elf:2    | Found a runed gate.
 35412 | Elf:2    | Found a runed gate.
 35412 | Elf:2    | Found a runed gate.
 35758 | Elf:2    | Reached XP level 19. HP: 76/158 MP: 27/27
 36414 | Elf:3    | Entered Level 3 of the Elven Halls
 37510 | Elf:3    | HP: 7/158 [Hell Sentinel/blast of hellfire[a deep elf demonologist] (42)]
 37512 | Elf:3    | Slain by a Hell Sentinel

Vault maps used:
D:1:      dpeg_arrival_signposts, lemuel_another_geyser
D:2:      kennysheep_big_flooded_room, nicolae_overflow_crystal_walls,
          first_bread, uniq_iyjb
D:3:      mumra_celtic_spiral_tile, xom_butterflies, old_standard_altar,
          minitemple, uniq_terence
D:4:      kennysheep_mini_moat
D:5:      serial_shops, shop_fountains, grunt_ministairs_9, uniq_sigmund
D:6:      grunt_temple_overflow_forces_of_nature,
          nicolae_dithmenos_shadow_blocks, cheibriados_altar_1, basic_altar
D:7:      minmay_temple_entry_hall, serial_shops, nicolae_shop_waterfront,
          nemelex_deck
D:8:      kennysheep_little_box, amethyst_overflow_temple_binary, serial_ice,
          serial_ice_o, serial_ice_b, serial_ice_g, serial_ice_a
D:9:      dpeg_lair_monsters, orc_0_dummy, the_bakery, minmay_fountain_box
D:10:     wad_lake_hut, serial_shops, shop, shop, uniq_grum
D:12:     grunt_ministairs_10, kennysheep_generic_room_7
D:13:     erik_vaults_2, serial_shops, shop, shop, shop
D:14:     minivault_11
D:15:     grunt_enter_depths_hoard, kennysheep_doodads
Lair:1:   st_stairs_11, patterned_corridor, grunt_megastairs_2
Lair:3:   nicolae_spider_entry_tight_spaces, infiniplex_staircase_pool_2,
          uniq_gastronok, uniq_nergalle
Lair:4:   portal_ice_cave_entry_imps, serial_bayou_shore_a
Lair:5:   nicolae_swamp_entry_splash_gauntlet, uniq_kirke
Lair:6:   slime_altar_2, uniq_snorg
Lair:8:   minmay_lair_end_frog_pond, serial_bayou, serial_bayou_pond_a,
          serial_bayou_pond_d, serial_bayou_shore_b, serial_bayou_lake_a,
          st_stairs_9
Swamp:1:  evilmike_swamp_ruin_house_6, st_swamp_ruins_4
Swamp:2:  cheibrodos_swamp_mausoleum, serial_swamp_ruin,
          evilmike_swamp_ruin_house_4, evilmike_swamp_ruin_rubble_1
Swamp:3:  cheibrodos_swamp_heart_of_darkness,
          nicolae_swamp_feature_on_the_river_bank
Swamp:4:  swamp_fiery
Spider:2: uniq_jorgrun
Spider:3: einodemon_crawler_minivault, nicolae_spider_cling_ruins
Spider:4: spider_rune_water, nicolae_orb_island, uniq_louise, uniq_wiglaf
Orc:1:    serial_shops, nicolae_shop_trees, nicolae_orc_lost_temple
Orc:2:    orc_temple, serial_shops, shop
Orc:3:    nicolae_orc_pool_cavern, uniq_donald
Orc:4:    st_orc_ogre_mass, serial_shops, nicolae_shop_stone, shop, shop
Elf:1:    minmay_elf_arrival_plus, serial_shops, nicolae_shop_crystal,
          minmay_elf_annihilation, eino_tiny_chamber, uniq_nikola, uniq_aizul
Elf:3:    nooodl_elf_gasket
IceCv:    ice_cave_caverns_03

Action                   |  1- 3 |  4- 6 |  7- 9 | 10-12 | 13-15 | 16-18 | 19-21 || total
-------------------------+-------+-------+-------+-------+-------+-------+-------++-------
Melee: War axe           |   121 |   192 |   405 |  1150 |    75 |       |       ||  1943
       Battleaxe         |       |       |       |       |  1829 |  2616 |   179 ||  4624
       Executioner's axe |       |       |       |       |       |       |   163 ||   163
 Fire: Blowgun           |       |       |       |       |       |     6 |       ||     6
Throw: Throwing net      |       |     2 |       |       |       |       |       ||     2
Invok: Major Destruction |       |       |       |     9 |       |    18 |       ||    27
       Greater Servant o |       |       |       |       |     1 |     2 |       ||     3
       Minor Destruction |       |       |       |       |       |    12 |       ||    12
 Abil: Device Recharging |       |     1 |     1 |     2 |       |     1 |     2 ||     7
       Evoke Flight      |       |       |       |       |       |     1 |       ||     1
Evoke: Wand              |       |     7 |    10 |    23 |    40 |    63 |    18 ||   161
       Sack of spiders   |       |       |       |       |       |     2 |       ||     2
  Use: Scroll            |       |    14 |     4 |     2 |    16 |    19 |     2 ||    57
       Potion            |       |       |     1 |       |       |    16 |     2 ||    19
 Stab: Held in net/web   |       |     2 |       |       |       |       |       ||     2
       Distracted        |       |     1 |       |       |       |     1 |       ||     2
       Paralysed         |       |       |       |       |    24 |    29 |       ||    53
       Confused          |       |       |       |       |     3 |     5 |       ||     8
  Eat: Chunk             |     2 |     7 |     9 |    15 |    14 |    45 |     5 ||    97
       Pizza             |       |       |       |     2 |     1 |     1 |       ||     4
       Royal jelly       |       |       |       |     1 |       |       |       ||     1
       Fruit             |       |       |       |       |    21 |       |       ||    21
       Beef jerky        |       |       |       |       |     5 |     1 |       ||     6
       Bread ration      |       |       |       |       |     1 |       |       ||     1
       Meat ration       |       |       |       |       |       |     2 |       ||     2
